 Dungeon Crawl Stone Soup version 0.30-a0-1112-gfb780f5df6 (webtiles) character file.

Game seed: 12520754837270350544

704 NinjaNoafa the Magician (level 7, -1/50 HPs)
             Began as a Purple Draconian Air Elementalist on Apr 18, 2023.
             Was an Initiate of Vehumet.
             Killed by nerve-wracking pain
             ... invoked by Grinder
              (13 damage)
             ... in the Ecumenical Temple on Apr 19, 2023.
             The game lasted 00:12:52 (4075 turns).

NinjaNoafa the Magician (DrAE)                      Turns: 4075, Time: 00:12:53

Health: -1/50      AC:  7    Str: 10    XL:     7   Next: 39%
Magic:  4/16       EV: 12    Int: 18    God:    Vehumet [......]
Gold:   162        SH:  5    Dex: 11    Spells: 8/18 levels left

rFire   . . .      SeeInvis .    a - +1 dagger (venom)
rCold   . . .      Faith    .    (no shield)
rNeg    . . .      Spirit   .    (body armour unavailable)
rPois   .          Reflect  +    (helmet restricted)
rElec   .          Rampage  .    (no cloak)
rCorr   +                        (no gloves)
Will    +....                    j - +0 pair of boots
Stlth   ++                       C - amulet of reflection
HPRegen 0.28/turn                v - ring of resist corrosion
MPRegen 0.15/turn                (no ring)

@: on berserk cooldown, slowed, very slow
A: breathe power, AC +6, unfitting armour, cold-blooded, antennae 1, stinger 1
a: Breathe Dispelling Energy, Renounce Religion


You were in the Ecumenical Temple.
You worshipped Vehumet.
Vehumet was noncommittal.
You visited 2 branches of the dungeon, and saw 6 of its levels.

You collected 162 gold pieces.

Inventory:

Hand Weapons
 a - a +1 dagger of venom (weapon)
 b - a +3 short sword
Missiles
 f - 6 poisoned darts
 B - 3 boomerangs
Armour
 j - a +0 pair of boots (worn)
Jewellery
 v - a ring of resist corrosion (left hand)
 C - an amulet of reflection (around neck)
Wands
 x - a wand of flame (10)
Scrolls
 d - a scroll of summoning {unknown}
 e - a scroll of blinking {unknown}
 i - a scroll of vulnerability {unknown}
 l - 2 scrolls of immolation {unknown}
 m - 3 scrolls of teleportation {unknown}
 p - 2 scrolls of fear {unknown}
 q - 2 scrolls of fog {unknown}
 t - a scroll of poison {unknown}
 u - 3 scrolls of identify {unknown}
 w - a scroll of noise {unknown}
 y - a scroll of brand weapon {unknown}
 D - 2 scrolls of magic mapping {unknown}
Potions
 c - a potion of heal wounds
 h - 2 potions of curing
 n - a potion of magic
 o - a potion of attraction
 r - a potion of mutation
 s - a potion of cancellation
 z - a potion of brilliance {unknown}
 A - a potion of lignification {unknown}


   Skills:
 - Level 1.7 Dodging
 - Level 1.7 Stealth
 - Level 6.0 Spellcasting
 - Level 4.0 Conjurations
 + Level 5.8 Air Magic


You had 8 spell levels left.
You knew the following spells:

 Your Spells              Type           Power      Damage    Failure   Level
a - Shock                 Conj/Air       92%        1d8       1%          1
b - Static Discharge      Conj/Air       46%        2-4/arc   2%          2
c - Swiftness             Air            26%        N/A       3%          3
d - Airstrike             Air            13%        2d(2-18)  11%         4

Your spell library contained the following spells:

 Spells                   Type           Power      Damage    Failure   Level
 Momentum Strike          Conj/Tloc      24%        3d8       8%          2
 Necrotise                Necr           20%        1d5       12%         1
 Blink                    Tloc           10%        N/A       19%         2
 Lesser Beckoning         Tloc           10%        N/A       19%         2
 Vampiric Draining        Necr           5%         2d6       34%         3
 Agony                    Necr           5%         N/A       97%         5


Dungeon Overview and Level Annotations

Branches:
Dungeon (5/15)             Temple (1/1) D:5

Altars:
Ashenzari
Cheibriados
Elyvilon
Gozag
Hepliaklqana
Kikubaaqudgha
Makhleb
Nemelex Xobeh
Ru
Uskayaw
Vehumet
Wu Jian
Xom
Yredelemnul
Zin
The Shining One

Shops:
D:2 =

Annotations:
D:3 Ijyb
Temple Grinder


Innate Abilities, Weirdness & Mutations

You can breathe bolts of dispelling energy.
Your rich purple scales are hard. (AC +6)
You cannot fit into any form of body armour.
You are cold-blooded and may be slowed by cold attacks.
You have a pair of small antennae on your head.
Your tail ends in a venomous barb.


Message History

You closely miss Grinder.
Grinder is lightly wounded.
The gnoll hits you from afar with a +0 spear.
* * * LOW HITPOINT WARNING * * *
Grinder says, "Just stop there for a second..."
Grinder misses you.
Unknown command.
Unknown command.
Unknown command.
You puncture Grinder!
Grinder is poisoned.
You tail-slap Grinder.
Grinder is heavily wounded.
The gnoll hits you from afar with a +0 spear.
* * * LOW HITPOINT WARNING * * *
Unknown command.
Unknown command.
Unknown command.
You closely miss Grinder.
Grinder is severely wounded.
Grinder blinks!
You block the gnoll's attack.
Grinder grins, showing sharp teeth.
Items here: )))) [ ÷.
You feel a strong urge to attack something.
The gnoll hits you with a +0 spear.
* * * LOW HITPOINT WARNING * * *
Things that are here:
a +2 flail of venom; a +0 club; a gnoll corpse Unknown command.
You hit the gnoll.
You kill the gnoll!
Vehumet accepts your kill.
Grinder blinks!
Unknown command.
Unknown command.
You are no longer berserk.
You are exhausted.
You feel yourself slow down. Grinder gestures at you.
Pain shoots through your body!
You die...

#.#.#.#.#.#.#.#.#.#≈♣
...................≈♣
#################.#≈♣
............8...#..≈♣
................#.#≈♣
_.._.._.._.._...#..≈♣
..................#≈♣
_.._.._.._.._§...))<♣
................@)#≈♣
_.._.._.._.._...#5.≈♣
................#.#≈♣
............8...#..≈♣
#################.#≈♣
...................≈♣
#.#.#.#.#.#.#.#.#.#≈♣
...................≈♣
≈≈≈≈≈≈≈≈≈≈≈≈≈≈≈≈≈≈≈≈♣


You could see Grinder (very poisoned).

Vanquished Creatures
  2 ogres (D:5)
  A scorpion (D:4)
  A hound (D:4)
  An orc priest (D:3)
  A jelly (D:4)
  A gnoll bouda (Temple)
  A sleepcap (D:4)
  Natasha (D:3)
  2 iguanas
  11 adders
  7 gnolls
  A dart slug (D:1)
  3 worms
  6 orcs
  3 endoplasms
  3 giant cockroaches
  12 goblins
  8 hobgoblins
  3 jackals (D:4)
  2 quokkas (D:1)
  3 ball pythons
  6 bats
  6 frilled lizards
  5 kobolds
  2 rats
92 creatures vanquished.

Notes
Turn   | Place    | Note
-------+----------+-------------------------------------------
     0 | D:1      | NinjaNoafa the Draconian Air Elementalist began the quest
                  | for the Orb.
     0 | D:1      | Reached XP level 1. HP: 14/14 MP: 3/3
   195 | D:1      | Found a faded altar of an unknown god.
   248 | D:1      | Reached XP level 2. HP: 13/20 MP: 0/5
   261 | D:1      | Learned a level 2 spell: Static Discharge
   638 | D:1      | Reached XP level 3. HP: 10/26 MP: 0/6
   789 | D:2      | Found Fesi's Jewellery Shoppe.
   893 | D:2      | Upgraded the game from 0.30-a0-1103-g25895a7845 to
                  | 0.30-a0-1112-gfb780f5df6
  1467 | D:3      | Reached XP level 4. HP: 33/33 MP: 8/8
  1522 | D:3      | Reached skill level 3 in Spellcasting
  2064 | D:3      | Reached XP level 5. HP: 38/38 MP: 6/9
  2116 | D:3      | Noticed Ijyb
  2123 | D:3      | Learned a level 3 spell: Swiftness
  2392 | D:3      | Noticed Natasha
  2397 | D:3      | Killed Natasha
  2938 | D:4      | Reached XP level 6. HP: 45/45 MP: 5/11
  3228 | D:4      | Reached skill level 4 in Spellcasting
  3492 | D:5      | Entered Level 5 of the Dungeon
  3559 | D:5      | Reached skill level 5 in Air Magic
  3608 | D:5      | Your scales start taking on a rich purple colour.
  3608 | D:5      | Reached skill level 5 in Spellcasting
  3608 | D:5      | Reached XP level 7. HP: 50/50 MP: 10/15
  3687 | D:5      | Found a staircase to the Ecumenical Temple.
  3687 | D:5      | Noticed Grinder
  3694 | D:5      | Paralysed by Grinder for 2 turns
  3698 | Temple   | Entered the Ecumenical Temple
  3709 | Temple   | Became a worshipper of Vehumet
  3913 | Temple   | Learned a level 4 spell: Airstrike
  4052 | Temple   | Paralysed by Grinder for 2 turns
  4056 | Temple   | Gained mutation: Your tail ends in a venomous barb. [potion
                  | of mutation]
  4056 | Temple   | Gained mutation: You have a pair of small antennae on your
                  | head. [potion of mutation]
  4060 | Temple   | Reached skill level 6 in Spellcasting
  4066 | Temple   | Paralysed by Grinder for 2 turns
  4075 | Temple   | Killed from afar by Grinder

Illustrated notes

Levels and vault maps discovered:
D:1:      tekkud_arrival_beachfront_property, layout_rooms,
          ebering_ecumenical_altar_sacrificial, grunt_decor_arrowhead,
          grunt_decor_junction
D:2:      layout_rooms, serial_shops, shop, minmay_3d_cube
D:3:      layout_basic, chequers_jeans, nicolae_hexahallways,
          minmay_strange_pillars, uniq_ijyb, uniq_natasha
D:4:      kennysheep_goblin_castle, layout_basic
D:5:      layout_basic, mainiacjoe_overflow_two_lobes, minmay_temple_entry_grid,
          ebering_ghost_inner_flame, minmay_misc_feat_ornament, uniq_grinder
Temple:   lightli_temple_of_artemis

Skill      XL: |  1  2  3  4  5  6  7 |
---------------+----------------------+-----
Conjurations   | 2 3 4 |  4.0
Spellcasting   | 3 5 6 |  6.0
Air Magic      | 4 5 |  5.8
Dodging        | |  1.7
Stealth        | |  1.7

Action                     |  1- 3 |  4- 6 |  7- 9 || total
---------------------------+-------+-------+-------++-------
  Melee: Unarmed           |     2 |       |       ||     2
         Tailslap          |     2 |     5 |     1 ||     8
         Trident           |     1 |       |       ||     1
         Quarterstaff      |    18 |       |       ||    18
         Dagger            |    12 |    46 |    11 ||    69
         Short sword       |     6 |       |       ||     6
         Punch             |       |     2 |     1 ||     3
   Cast: Shock             |    54 |    84 |     2 ||   140
         Static Discharge  |     3 |    11 |    11 ||    25
         Swiftness         |       |     3 |     1 ||     4
         Airstrike         |       |       |     1 ||     1
Ability: Breathe Dispellin |       |       |     2 ||     2
    Use: Potion            |       |       |     6 ||     6
   Stab: Sleeping          |     2 |       |       ||     2
 Armour: Skin              |    24 |    35 |    12 ||    71
  Dodge: Dodged            |    62 |   106 |    34 ||   202
  Block: Other             |       |     2 |    14 ||    16

Table legend: (Time is in decaauts)
 A = Elapsed time spent in this place.
 B = Non-inter-level travel time spent in this place.
 C = Inter-level travel time spent in this place.
 D = Time resting spent in this place.
 E = Time spent auto-exploring this place.
 F = Levels seen in this place.
 G = Mean time per level.
                   A        B        C        D        E       F      G
               +--------+--------+--------+--------+--------+-----+--------+
         Total |   4082 |   3920 |    162 |    407 |   2578 |   6 |  680.3 |
       Dungeon |   3717 |   3564 |    153 |    221 |   2494 |   5 |  743.4 |
        Temple |    365 |    356 |      9 |    186 |     84 |   1 |  365.0 |
               +--------+--------+--------+--------+--------+-----+--------+

Top non-repeatable levels by time:
     D:3: 1165 daAuts
     D:4: 1014 daAuts
     D:1: 700 daAuts
     D:2: 672 daAuts
  Temple: 365 daAuts
     D:5: 164 daAuts
